[ AOE2 MATCH · #505585170 ]
UnrankedCumans vs Spanish
Player's team · LOSS
Rival team · WIN
[ REPLAY ANALYSIS · EXTRACTED FROM THE RECORDED GAME ]
Feudal
9:30
Castle
21:33
Imperial
—
| APM avg | 34.3 |
| APM peak | 69 |
| eAPM avg | 20.9 |
| Villagers / military | 77 / 21 |
Focus
⚔️ 16.1% · 🌾 83.9%
Archer ×10 · Cavalry Archer ×6 · Scout Cavalry ×5
Feudal
12:33
Castle
18:17
Imperial
—
| APM avg | 29.0 |
| APM peak | 62 |
| eAPM avg | 11.1 |
| Villagers / military | 49 / 12 |
Focus
⚔️ 21.6% · 🌾 78.4%
Spearman ×6 · Militia ×3 · Conquistador ×3
Match map
Initial resources + every placement click. Lines = walls · curves = elevation contours. ◆ gold · ⬟ stone · ● berries · ✦ relic · ◌ wall gap
Your base· ✓ Closed at 21:33 · 34t walls · 1 gate(s)
Nicolas.laree's base· Open — 7t gap
Smoothed initial terrain · ◌ = detected wall gap · hover for details
Inputs per minute
— wormbabey - - Nicolas.laree
Build order — wormbabey
First 150 of 175 actions detected
| 0:00 | Queue | Villager (Male) |
| 0:01 | Queue | Villager (Male) |
| 0:02 | Build | House |
| 0:04 | Build | House |
| 0:28 | Queue | Villager (Male) |
| 0:28 | Queue | Villager (Male) |
| 1:33 | Queue | Villager (Male) |
| 1:33 | Queue | Villager (Male) |
| 1:52 | Build | Lumber Camp |
| 2:01 | Queue | Villager (Male) |
| 2:31 | Queue | Villager (Male) |
| 2:31 | Queue | Villager (Male) |
| 2:54 | Queue | Villager (Male) |
| 2:54 | Queue | Villager (Male) |
| 3:02 | Build | House |
| 3:03 | Build | Palisade Wall |
| 3:04 | Build | Palisade Wall |
| 3:07 | Queue | Villager (Male) |
| 3:07 | Queue | Villager (Male) |
| 3:40 | Queue | Villager (Male) |
| 3:40 | Queue | Villager (Male) |
| 4:07 | Queue | Villager (Male) |
| 4:14 | Build | Mill |
| 4:41 | Queue | Villager (Male) |
| 4:42 | Queue | Villager (Male) |
| 5:03 | Queue | Villager (Male) |
| 5:03 | Queue | Villager (Male) |
| 5:40 | Queue | Villager (Male) |
| 5:40 | Queue | Villager (Male) |
| 6:03 | Queue | Villager (Male) |
| 6:26 | Research | Loom |
| 6:42 | Queue | Villager (Male) |
| 7:19 | Research | Feudal Age |
| 7:20 | Research | Feudal Age |
| 7:33 | Build | Barracks |
| 8:35 | Build | House |
| 8:37 | Build | House |
| 8:40 | Build | Palisade Wall |
| 8:41 | Build | Palisade Wall |
| 8:43 | Build | Mining Camp |
| 8:45 | Queue | Villager (Male) |
| 8:49 | Build | House |
| 8:52 | Build | Palisade Wall |
| 8:53 | Queue | Villager (Male) |
| 9:01 | Build | House |
| 9:02 | Build | House |
| 9:06 | Build | House |
| 9:27 | Queue | Villager (Male) |
| 9:30 | Age | Feudal Age |
| 9:40 | Research | Double-Bit Axe |
| 9:47 | Build | Stable |
| 9:53 | Build | Palisade Wall |
| 9:54 | Queue | Villager (Male) |
| 9:55 | Queue | Villager (Male) |
| 10:26 | Queue | Villager (Male) |
| 10:26 | Queue | Villager (Male) |
| 10:56 | Build | Blacksmith |
| 11:04 | Build | Palisade Wall |
| 11:09 | Build | Palisade Wall |
| 11:16 | Build | Palisade Wall |
| 11:23 | Build | Farm |
| 11:25 | Queue | Villager (Male) |
| 11:45 | Build | Farm |
| 12:12 | Build | Farm |
| 12:15 | Build | Farm |
| 12:18 | Build | Farm |
| 12:22 | Queue | Villager (Male) |
| 12:30 | Build | Farm |
| 12:37 | Queue | Villager (Male) |
| 13:06 | Build | Market |
| 13:10 | Queue | Villager (Male) |
| 13:18 | Build | Palisade Gate |
| 13:36 | Queue | Scout Cavalry |
| 13:36 | Queue | Scout Cavalry |
| 13:37 | Queue | Villager (Male) |
| 13:42 | Build | Farm |
| 13:45 | Build | Farm |
| 14:08 | Build | Farm |
| 14:09 | Queue | Villager (Male) |
| 14:09 | Queue | Villager (Male) |
| 14:17 | Build | House |
| 14:21 | Build | Palisade Wall |
| 14:23 | Queue | Villager (Male) |
| 14:39 | Queue | Villager (Male) |
| 14:39 | Queue | Villager (Male) |
| 14:53 | Build | House |
| 14:55 | Queue | Scout Cavalry |
| 14:55 | Queue | Villager (Male) |
| 15:08 | Build | House |
| 15:17 | Build | House |
| 15:18 | Queue | Villager (Male) |
| 15:19 | Queue | Villager (Male) |
| 15:33 | Build | House |
| 15:36 | Queue | Villager (Male) |
| 15:36 | Queue | Villager (Male) |
| 15:40 | Queue | Villager (Male) |
| 15:40 | Queue | Villager (Male) |
| 15:53 | Queue | Villager (Male) |
| 15:53 | Queue | Villager (Male) |
| 15:57 | Build | Farm |
| 16:46 | Research | Bloodlines |
| 16:56 | Build | House |
| 16:57 | Build | House |
| 16:58 | Build | House |
| 17:01 | Queue | Villager (Male) |
| 17:02 | Queue | Villager (Male) |
| 17:05 | Build | House |
| 17:07 | Queue | Villager (Male) |
| 17:07 | Queue | Villager (Male) |
| 17:24 | Build | Farm |
| 17:25 | Build | Farm |
| 17:43 | Build | Farm |
| 17:44 | Build | Farm |
| 17:44 | Build | Farm |
| 17:47 | Build | Farm |
| 17:52 | Build | Farm |
| 17:52 | Build | Farm |
| 17:52 | Build | Farm |
| 17:53 | Build | Farm |
| 17:53 | Build | Farm |
| 18:11 | Queue | Villager (Male) |
| 18:30 | Build | Farm |
| 18:53 | Research | Castle Age |
| 19:11 | Build | Town Center |
| 19:24 | Queue | Villager (Male) |
| 19:24 | Queue | Villager (Male) |
| 19:34 | Queue | Scout Cavalry |
| 19:34 | Queue | Scout Cavalry |
| 19:53 | Queue | Villager (Male) |
| 19:54 | Queue | Villager (Male) |
| 19:54 | Queue | Villager (Male) |
| 20:10 | Build | Archery Range |
| 20:16 | Build | House |
| 20:19 | Queue | Villager (Male) |
| 20:26 | Research | Fletching |
| 20:34 | Queue | Villager (Male) |
| 20:34 | Queue | Villager (Male) |
| 20:42 | Queue | Archer |
| 20:43 | Queue | Archer |
| 20:43 | Queue | Archer |
| 20:47 | Queue | Villager (Male) |
| 20:47 | Queue | Villager (Male) |
| 21:01 | Build | Siege Workshop |
| 21:08 | Queue | Villager (Male) |
| 21:09 | Queue | Villager (Male) |
| 21:13 | Queue | Archer |
| 21:14 | Queue | Archer |
| 21:14 | Queue | Villager (Male) |
| 21:15 | Queue | Villager (Male) |
| 21:33 | Age | Castle Age |
Build order — Nicolas.laree
115 actions detected in the replay
| 0:00 | Queue | Villager (Male) |
| 0:01 | Queue | Villager (Male) |
| 0:02 | Build | House |
| 0:04 | Build | House |
| 0:47 | Queue | Villager (Male) |
| 0:47 | Queue | Villager (Male) |
| 0:48 | Queue | Villager (Male) |
| 1:31 | Build | Lumber Camp |
| 1:46 | Queue | Villager (Male) |
| 1:46 | Queue | Villager (Male) |
| 2:09 | Queue | Villager (Male) |
| 2:09 | Queue | Villager (Male) |
| 2:34 | Queue | Villager (Male) |
| 2:34 | Queue | Villager (Male) |
| 3:03 | Queue | Villager (Male) |
| 3:03 | Queue | Villager (Male) |
| 3:24 | Queue | Villager (Male) |
| 3:40 | Build | House |
| 3:46 | Queue | Villager (Male) |
| 4:13 | Queue | Villager (Male) |
| 4:38 | Queue | Villager (Male) |
| 5:02 | Queue | Villager (Male) |
| 5:15 | Build | Barracks |
| 5:26 | Queue | Villager (Male) |
| 5:54 | Queue | Villager (Male) |
| 6:03 | Queue | Militia |
| 6:03 | Queue | Militia |
| 6:36 | Queue | Villager (Male) |
| 6:36 | Queue | Villager (Male) |
| 6:39 | Research | Loom |
| 6:53 | Build | House |
| 6:56 | Build | House |
| 7:08 | Queue | Villager (Male) |
| 7:14 | Queue | Militia |
| 7:45 | Build | Mill |
| 7:46 | Queue | Villager (Male) |
| 8:14 | Queue | Villager (Male) |
| 8:49 | Queue | Villager (Male) |
| 9:13 | Build | Farm |
| 9:13 | Build | Farm |
| 9:13 | Build | Farm |
| 9:13 | Build | Farm |
| 9:14 | Build | Farm |
| 9:17 | Queue | Villager (Male) |
| 9:35 | Build | Farm |
| 9:35 | Build | Farm |
| 9:36 | Build | Farm |
| 9:41 | Queue | Villager (Male) |
| 10:15 | Build | Farm |
| 10:16 | Build | Farm |
| 10:16 | Build | Farm |
| 10:23 | Research | Feudal Age |
| 10:23 | Research | Feudal Age |
| 10:43 | Build | Palisade Wall |
| 10:50 | Build | House |
| 10:52 | Build | House |
| 11:13 | Build | Mining Camp |
| 11:55 | Build | Farm |
| 12:12 | Build | Farm |
| 12:33 | Build | Palisade Wall |
| 12:33 | Age | Feudal Age |
| 12:35 | Queue | Villager (Male) |
| 12:58 | Queue | Villager (Male) |
| 13:03 | Queue | Villager (Male) |
| 13:07 | Build | Farm |
| 13:24 | Queue | Villager (Male) |
| 13:44 | Queue | Villager (Male) |
| 13:58 | Build | Blacksmith |
| 14:45 | Queue | Villager (Male) |
| 14:54 | Build | Stable |
| 15:37 | Research | Castle Age |
| 15:38 | Research | Castle Age |
| 15:44 | Build | Lumber Camp |
| 15:55 | Build | Mining Camp |
| 16:01 | Queue | Spearman |
| 16:01 | Queue | Spearman |
| 16:43 | Queue | Villager (Male) |
| 16:51 | Queue | Villager (Male) |
| 17:06 | Queue | Spearman |
| 17:06 | Queue | Spearman |
| 17:18 | Build | Palisade Wall |
| 17:20 | Build | Palisade Wall |
| 17:23 | Build | Palisade Wall |
| 17:41 | Build | Palisade Wall |
| 17:50 | Queue | Villager (Male) |
| 18:08 | Build | House |
| 18:17 | Age | Castle Age |
| 18:24 | Queue | Spearman |
| 18:24 | Queue | Spearman |
| 18:25 | Queue | Villager (Male) |
| 19:24 | Build | House |
| 20:07 | Queue | Villager (Male) |
| 20:20 | Build | Castle |
| 20:38 | Queue | Villager (Male) |
| 20:38 | Queue | Villager (Male) |
| 20:40 | Research | Double-Bit Axe |
| 20:53 | Queue | Villager (Male) |
| 21:13 | Queue | Conquistador |
| 21:13 | Queue | Conquistador |
| 21:21 | Build | Mining Camp |
| 21:25 | Queue | Conquistador |
| 21:35 | Queue | Villager (Male) |
| 21:38 | Build | Farm |
| 22:20 | Build | Lumber Camp |
| 22:21 | Queue | Villager (Male) |
| 22:21 | Queue | Villager (Male) |
| 22:51 | Build | Farm |
| 23:13 | Queue | Villager (Male) |
| 23:34 | Build | Castle |
| 23:41 | Queue | Villager (Male) |
| 23:41 | Queue | Villager (Male) |
| 23:49 | Build | Farm |
| 23:50 | Build | Farm |
| 23:51 | Build | Farm |
| 24:34 | Queue | Villager (Male) |
Match timeline
| 3:03 | wormbabey · wall_segment Palisade Wall x1 |
| 3:04 | wormbabey · wall_segment Palisade Wall x1 |
| 5:15 | Nicolas.laree · first_building Barracks |
| 7:33 | wormbabey · first_building Barracks |
| 8:40 | wormbabey · wall_segment Palisade Wall x1 |
| 8:41 | wormbabey · wall_segment Palisade Wall x1 |
| 8:52 | wormbabey · wall_segment Palisade Wall x5 |
| 9:30 | wormbabey · age_up feudal |
| 9:47 | wormbabey · first_building Stable |
| 9:53 | wormbabey · wall_segment Palisade Wall x1 |
| 10:43 | Nicolas.laree · wall_segment Palisade Wall x8 |
| 11:04 | wormbabey · wall_segment Palisade Wall x1 |
| 11:09 | wormbabey · wall_segment Palisade Wall x7 |
| 11:16 | wormbabey · wall_segment Palisade Wall x9 |
| 12:33 | Nicolas.laree · age_up feudal |
| 12:33 | Nicolas.laree · wall_segment Palisade Wall x5 |
| 14:21 | wormbabey · wall_segment Palisade Wall x7 |
| 14:54 | Nicolas.laree · first_building Stable |
| 17:18 | Nicolas.laree · wall_segment Palisade Wall x3 |
| 17:20 | Nicolas.laree · wall_segment Palisade Wall x3 |
| 17:23 | Nicolas.laree · wall_segment Palisade Wall x3 |
| 17:28 | wormbabey · first_market_sell 100 wood |
| 17:41 | Nicolas.laree · wall_segment Palisade Wall x2 |
| 18:02 | wormbabey · first_market_buy 100 food |
| 18:17 | Nicolas.laree · age_up castle |
| 20:10 | wormbabey · first_building Archery Range |
| 20:20 | Nicolas.laree · first_building Castle |
| 21:01 | wormbabey · first_building Siege Workshop |
| 21:33 | wormbabey · age_up castle |
| 24:34 | wormbabey · resign |
[ AI ANALYSIS · 1 CREDIT ]
What really happened in this match?
Wolo.gg analyzes every decision: build order, eco, micro, common mistakes by bracket. Personalized analysis on WhatsApp or Discord in 30 seconds.
Civ guide
Cumans
Perfil
Jugador #4746658